 Dungeon Crawl Stone Soup version 0.25-a0-310-g60f0ac2d9a (webtiles) character file.

Game seed: 12412134853006950249, levelgen mode: classic

125 Borgoz the Cudgeler (level 5, -3/32 HPs)
             Began as a Gargoyle Gladiator on Dec 23, 2019.
             Was an Initiate of Okawaru.
             Slain by a river rat (5 damage)
             ... on level 3 of the Dungeon.
             The game lasted 00:02:41 (1656 turns).

Borgoz the Cudgeler (Gargoyle Gladiator)            Turns: 1656, Time: 00:02:42

Health: -3/32      AC:  8    Str: 17    XL:     5   Next: 9%
Magic:  5/5        EV: 12    Int:  9    God:    Okawaru [......]
Gold:   108        SH:  0    Dex: 12    Spells: 4/4 levels left

rFire    + . .     SeeInvis .   a - +0 flail
rCold    . . .     Gourm    .   (no shield)
rNeg     + . .     Faith    .   o - +0 leather armour
rPois    ∞         Spirit   .   c - +0 helmet
rElec    +         Reflect  .   (no cloak)
rCorr    .         Harm     .   (no gloves)
MR       .....                  (no boots)
Stlth    +.........             (no amulet)
HPRegen  0.10/turn              e - ring of protection from fire
MPRegen  0.09/turn              (no ring)

@: very slow
A: negative energy resistance 1, electricity resistance, unbreathing,
petrification resistance, rot immunity, AC +4
a: Renounce Religion


You were on level 3 of the Dungeon.
You worshipped Okawaru.
Okawaru was noncommittal.
You were not hungry.

You visited 1 branch of the dungeon, and saw 3 of its levels.

You collected 108 gold pieces.

Inventory:

Hand Weapons
 a - a +0 flail (weapon)
 b - a +0 great mace
Missiles
 d - 3 throwing nets (quivered)
Armour
 c - a +0 helmet (worn)
 o - a +0 leather armour (worn)
Jewellery
 e - a ring of protection from fire (left hand)
Scrolls
 g - 3 scrolls of teleportation {unknown}
 h - 2 scrolls of magic mapping {unknown}
 k - a scroll of identify {unknown}
 l - 2 scrolls of fog {unknown}
 m - a scroll of immolation {unknown}
 s - a scroll of fear {unknown}
Potions
 i - a potion of flight {unknown}
 j - a potion of ambrosia {unknown}
 n - a potion of lignification {unknown}
 p - 2 potions of heal wounds {unknown}
 q - a potion of curing {unknown}
Comestibles
 f - 5 rations
 r - 8 chunks of flesh


   Skills:
 * Level 3.4 Fighting
 * Level 4.0 Maces & Flails
 - Level 1.7 Throwing
 * Level 2.3 Armour
 + Level 2.8 Dodging


You had 4 spell levels left.
You didn't know any spells.
Your spell library was empty.

Dungeon Overview and Level Annotations

Branches:
Dungeon (3/15)

Altars:
Okawaru
Qazlal
Sif Muna

Portals:
Sewer: D:3


Innate Abilities, Weirdness & Mutations

You are resistant to torment.
Your stone body is resilient. (AC +4)
You are immune to poison.
You resist negative energy. (rN+)
You are resistant to electric shocks. (rElec)
You can survive without breathing.
You are immune to petrification.
You are immune to rotting.


Message History

You sock the worm!
You kill the worm!
Okawaru accepts your kill.
d - 3 throwing nets (gained 1)
You see here a worm corpse.
You see here a worm corpse.
You butcher the worm corpse.
r - 11 chunks of flesh (gained 2)
You see here a worm corpse.
You butcher the worm corpse.
r - 12 chunks of flesh (gained 1) Eat one of 12 chunks of flesh? (ye/n/q)
You eat one of the 12 chunks of flesh.
This raw flesh tastes terrible.
Some of the chunks of flesh in your inventory have rotted away.
A rat and a river rat come into view.
Found a glowing drain.
The river rat bites you!
* * * LOW HITPOINT WARNING * * *
The river rat bites you.
You die...

##....≈≈#
#...≈≈≈#
#...)#≈####
#..(≈≈≈#≈≈
#...≈#≈#≈########
#..≈≈≈≈#≈≈≈≈≈##≈#
#...≈#≈#≈#≈#≈≈≈≈#
#...≈#≈#≈#≈######
##...#≈≈≈#≈@rr≈∩#
#...############
#####


You could see a river rat and a rat.

Vanquished Creatures
  An orc wizard (D:3)
  3 adders
  4 worms
  2 leopard geckos
  3 orcs (D:3)
  3 ball pythons (D:2)
  7 bats
  A giant cockroach (D:1)
  6 goblins
  3 hobgoblins (D:1)
  11 kobolds
  2 quokkas (D:2)
  A frilled lizard (D:2)
  9 rats
56 creatures vanquished.

Vanquished Creatures (others)
  A quokka (D:3)
1 creature vanquished.

Grand Total: 57 creatures vanquished

Notes
Turn   | Place    | Note
-------+----------+-------------------------------------------
     0 | D:1      | Borgoz the Gargoyle Gladiator began the quest for the Orb.
     0 | D:1      | Reached XP level 1. HP: 12/12 MP: 1/1
   201 | D:1      | Reached XP level 2. HP: 18/18 MP: 2/2
   454 | D:1      | Reached skill level 1 in Armour
   712 | D:1      | Reached XP level 3. HP: 19/22 MP: 3/3
  1059 | D:2      | Found a stormy altar of Qazlal.
  1080 | D:2      | Found a shimmering blue altar of Sif Muna.
  1080 | D:2      | Found an iron altar of Okawaru.
  1259 | D:2      | Became a worshipper of Warmaster Okawaru
  1434 | D:2      | Reached XP level 4. HP: 28/28 MP: 4/4
  1577 | D:3      | Reached XP level 5. HP: 11/32 MP: 5/5
  1623 | D:3      | Reached skill level 4 in Maces & Flails
  1655 | D:3      | Found a glowing drain.
  1656 | D:3      | Slain by a river rat

Levels and vault maps discovered:
D:1:      matt_arrival_grand_opening, layout_basic
D:2:      layout_loops_ring, lemuel_crystal_altar,
          gammafunk_temple_overflow_elements, first_ration,
          minmay_misc_feat_more_columns
D:3:      layout_basic, elyvilon_altar_4, lightli_sewer_entry_pipes

Skill      XL: |  1  2  3  4  5 |
---------------+----------------+-----
Armour         | 1 2 |  2.3
Fighting       | 3 |  3.4
Maces & Flails | 4 |  4.0
Throwing       | |  1.7
Dodging        | |  2.8

Action                   |  1- 3 |  4- 6 || total
-------------------------+-------+-------++-------
Melee: Flail             |   152 |    71 ||   223
Throw: Throwing net      |       |     1 ||     1
 Stab: Held in net/web   |       |     1 ||     1
  Eat: Chunk             |     2 |     1 ||     3
Armor: Leather armour    |    66 |    22 ||    88
Dodge: Dodged            |   124 |    23 ||   147

Table legend:
 A = Non-vault XP
 B = Vault XP
 C = Vault XP percentage of total XP
 D = Non-vault monster count
 E = Vault monster count
 F = Vault count percentage of total count
                 A         B        C        D         E       F
            +---------+---------+-------+---------+---------+-------
      Total |     148 |      31 |  17.3 |      50 |       6 |  10.7
            +---------+---------+-------+---------+---------+-------
        D:1 |      34 |       0 |   0.0 |      21 |       0 |   0.0
        D:2 |      67 |       0 |   0.0 |      24 |       0 |   0.0
        D:3 |      47 |      31 |  39.7 |       5 |       6 |  54.5
            +---------+---------+-------+---------+---------+-------
